 Dungeon Crawl Stone Soup version 0.18.1-6-gd335043 (webtiles) character file.

101 Jerry the Covered (level 4, -4/37 HPs)
             Began as a Demigod Fighter on May 17, 2016.
             Killed by nerve-wracking pain
             ... invoked by Grinder
              (10 damage)
             ... on level 3 of the Dungeon.
             The game lasted 00:07:00 (2125 turns).

Jerry the Covered (Demigod Fighter)                 Turns: 2125, Time: 00:07:00

Health: -4/37      AC: 10    Str: 19    XL:     4   Next: 24%
Magic:  6/6        EV:  8    Int: 12    God:
Gold:   102        SH:  9    Dex: 17    Spells: 0 memorised, 3 levels left

rFire  . . .     SeeInvis .     a - +0 flail
rCold  + . .     Gourm    .     w - +3 ring mail {rC+}
rNeg   . . .     Faith    .     c - +0 shield
rPois  .         Spirit   .     n - +2 hat
rElec  .         Dismiss  .     (no cloak)
rCorr  .         Reflect  .     (no gloves)
SustAt +         Harm     .     (no boots)
MR     .....                    (no amulet)
Stlth  +.........               (no ring)
                                (no ring)

@: not resistant to hostile enchantments, very unstealthy
A: high mp 1, sustain attributes
a: no special abilities


You were on level 3 of the Dungeon.
You were very hungry.

You visited 1 branch of the dungeon, and saw 3 of its levels.

You collected 102 gold pieces.

Inventory:

Hand Weapons
 a - a +0 flail (weapon)
Missiles
 j - 74 stones (quivered)
Armour
 b - a +0 scale mail
 c - a +0 shield (worn)
 n - a +2 hat (worn)
 w - a +3 ring mail of cold resistance (worn)
Scrolls
 i - 2 scrolls of magic mapping {unknown}
 k - a scroll of fear {unknown}
 l - a scroll of identify {unknown}
 p - 3 scrolls of remove curse {unknown}
 r - a scroll of enchant weapon {unknown}
 u - a scroll of random uselessness {unknown}
 v - a scroll of recharging {unknown}
Potions
 d - 2 potions of might
 e - a potion of curing {unknown}
 g - 2 potions of brilliance {unknown}
 m - 3 potions of haste {unknown}
 s - a potion of mutation {unknown}
Comestibles
 f - 2 bread rations
 h - 6 fruits
 o - a slice of pizza
 q - a beef jerky
 t - a meat ration


   Skills:
 - Level 2.6 Fighting
 + Level 2.6 Maces & Flails
 + Level 3.9 Armour
 + Level 3.2 Shields


You had 3 spell levels left.
You didn't know any spells.

Dungeon Overview and Level Annotations

Branches:
Dungeon (3/15)

Annotations:
D:3 Grinder


Innate Abilities, Weirdness & Mutations

You have an increased reservoir of magic (+10% MP).
Your attributes are resistant to harm.


Message History

Grinder is heavily wounded.
Grinder gestures at you.
You suddenly lose the ability to move!
Grinder hits you!
You writhe in agony.
Grinder hits you.
* * * LOW HITPOINT WARNING * * *
Grinder hits you but does no damage. x2
You can move again.
You barely miss Grinder.
Grinder is heavily wounded.
Grinder hits you but does no damage. x2
You hit Grinder but do no damage.
Grinder is heavily wounded.
Grinder hits you.
* * * LOW HITPOINT WARNING * * *
You writhe in agony.
* * * LOW HITPOINT WARNING * * *
Grinder gestures at you. Pain shoots through your body!
You die...

#.# #
######.#####.##.#.
#.........5†......
#.####.#####.#.##.
#.# # #.# ##.##
#...####.#.##
#...@.5.....>
#<..######.##
#####


You could see Grinder.

Vanquished Creatures
  Terence (D:2)
  3 adders
  A dart slug (D:1)
  2 giant geckos
  A ball python (D:2)
  3 giant cockroaches (D:2)
  4 goblins
  8 hobgoblins
  3 jackals (D:1)
  5 kobolds
  5 bats
  2 giant newts
  7 rats
45 creatures vanquished.

Vanquished Creatures (others)
  A wolf spider (D:2)
1 creature vanquished.

Grand Total: 46 creatures vanquished

Notes
Turn   | Place    | Note
--------------------------------------------------------------
     0 | D:1      | Jerry the Demigod Fighter began the quest for the Orb.
     0 | D:1      | Reached XP level 1. HP: 18/18 MP: 3/3
   249 | D:1      | Reached XP level 2. HP: 25/25 MP: 4/4
   806 | D:2      | Reached XP level 3. HP: 21/30 MP: 5/5
  1135 | D:2      | Found an oddly glowing altar of Pakellas.
  1135 | D:2      | Noticed a wolf spider
  1157 | D:2      | Killed a wolf spider
  1357 | D:2      | Noticed Terence
  1376 | D:2      | Killed Terence
  1508 | D:2      | Found a shimmering altar of Xom.
  1527 | D:2      | Reached XP level 4. HP: 26/37 MP: 6/6
  1628 | D:2      | Found a radiant altar of Vehumet.
  1635 | D:2      | Found a burning altar of Makhleb.
  1808 | D:3      | Noticed Grinder
  1819 | D:3      | Paralysed by Grinder for 2 turns
  1830 | D:3      | Paralysed by Grinder for 5 turns
  2101 | D:3      | Paralysed by Grinder for 7 turns
  2111 | D:3      | Paralysed by Grinder for 3 turns
  2118 | D:3      | Paralysed by Grinder for 5 turns
  2125 | D:3      | Killed from afar by Grinder

Skill      XL: |  1  2  3 |
---------------+----------+-----
Maces & Flails | 2 |  2.6
Armour         | 3 |  3.9
Shields        | 3 |  3.2
Fighting       | |  2.6

Action                   |  1- 3 |  4- 6 || total
-------------------------+-------+-------++-------
Melee: Flail             |   134 |    32 ||   166
  Eat: Chunk             |     1 |     2 ||     3
Armor: Scale mail        |    47 |       ||    47
       Ring mail         |     4 |    13 ||    17
Dodge: Dodged            |    34 |     9 ||    43
Block: Shield            |    63 |    10 ||    73
